 Dungeon Crawl Stone Soup version 0.30-a0-738-g116ff8c4af (webtiles) character file.

Game seed: 312801740582616294

18179 MachoJfn the Basher (level 12, -3/91 HPs)
             Began as a Demonspawn Gladiator on Feb 3, 2023.
             Was an Elder of Trog.
             Slain by a merfolk impaler
             ... wielding a +2 demon trident of electrocution
              (19 damage)
             ... on level 1 of the Shoals on Feb 4, 2023.
             The game lasted 00:52:46 (12108 turns).

MachoJfn the Basher (Demonspawn Gladiator)         Turns: 12108, Time: 00:52:47

Health: -3/91      AC: 19    Str: 20    XL:     12   Next: 25%
Magic:  12/12      EV: 10    Int:  9    God:    Trog [****..]
Gold:   584        SH:  4    Dex: 15    Spells: 11/11 levels left

rFire   . . .      SeeInvis +    b - +6 shillelagh "Devastator" {shatter}
rCold   . . .      Faith    .    (no shield)
rNeg    . . .      Spirit   .    U - +3 chain mail {rPois}
rPois   +          Reflect  .    c - +0 helmet
rElec   .          Harm     .    h - scarf {repulsion}
rCorr   .          Rampage  .    (no gloves)
Will    .....                    D - +0 pair of boots Stlth
                                 (no amulet)
HPRegen 0.35/turn                o - ring of see invisible
MPRegen 0.13/turn                (no ring)

@: repel missiles
A: claws 2, icy blue scales 1, ignite blood 1, powered by pain 1, talons 1,
large bone plates 1, sense surroundings 1
a: Renounce Religion, Berserk, Trog's Hand, Brothers in Arms


You were on level 1 of the Shoals.
You worshipped Trog.
Trog was greatly pleased with you.
You visited 3 branches of the dungeon, and saw 11 of its levels.

You collected 752 gold pieces.
You spent 168 gold pieces at shops.

Inventory:

Hand Weapons
 b - the +6 shillelagh "Devastator" (weapon) {shatter}
   (You found it on level 2 of the Dungeon)
 m - a +2 flail of distortion
 p - the +9 dagger of Divine Fortitude {antimagic, rN+ Str+2}
   (You took it off a gnoll on level 4 of the Dungeon)

   Str:       It affects your strength (+2).
   rN:        It protects you from negative energy.
 u - a +3 spectral quarterstaff
 P - the +4 trident of the Smoking Gods {venom, Dex+3}
   (You found it on level 8 of the Dungeon)

   Dex:       It affects your dexterity (+3).
 T - a +2 demon trident of venom
Missiles
 d - 4 throwing nets (quivered)
 e - a javelin
 S - 8 silver javelins
Armour
 c - a +0 helmet (worn)
 h - a scarf of repulsion (worn)
 j - a scarf of invisibility
 D - a +0 pair of boots (worn)
 U - a +3 chain mail of poison resistance (worn)
Jewellery
 o - a ring of see invisible (left claw)
 C - a ring of fire
 F - a ring of fire
 H - a +6 ring of intelligence
 V - a +4 ring of protection
 W - a ring of positive energy
Wands
 q - a wand of flame (28)
 I - a wand of paralysis (2)
 M - a wand of roots (7)
 O - a wand of polymorph (11)
Scrolls
 a - a scroll of enchant armour {unknown}
 f - 8 scrolls of identify
 i - 3 scrolls of fear
 l - a scroll of blinking
 r - 5 scrolls of amnesia
 s - 4 scrolls of noise
 v - a scroll of vulnerability
 w - 2 scrolls of enchant weapon
 y - a scroll of fog {unknown}
 z - a scroll of magic mapping
 B - a scroll of butterflies {unknown}
 E - a scroll of brand weapon
 K - 3 scrolls of teleportation
 N - a scroll of poison
 X - a scroll of acquirement {unknown}
Potions
 g - 2 potions of brilliance
 k - a potion of resistance {unknown}
 n - a potion of haste
 t - 4 potions of mutation
 x - 4 potions of degeneration
 A - a potion of invisibility {unknown}
 G - a potion of might
 J - a potion of cancellation {unknown}
 L - a potion of berserk rage {unknown}
 R - a potion of lignification {unknown}
 Y - a potion of attraction {unknown}
Miscellaneous
 Q - a piece from Xom's chessboard (15/15)


   Skills:
 + Level 7.4 Fighting
 + Level 4.3(8.4) Axes
 + Level 11.1(11.5) Maces & Flails
 + Level 2.9 Throwing
 + Level 9.2 Armour
 + Level 6.4 Dodging
 + Level 4.8 Stealth
 + Level 4.8 Shields
 + Level 1.3 Evocations


You had 11 spell levels left.
You didn't know any spells.
Your spell library contained the following spells:

 Spells                   Type           Power      Damage    Failure   Level
 Kindle Blastsparks       Fire/Tloc/Air  0%         2d10      100%        3
 Ozocubu's Armour         Ice            0%         N/A       100%        3
 Fulminant Prism          Conj/Hex       0%         3d5       100%        4
 Iskenderun's Mystic Bla  Conj/Tloc      0%         2d3       100%        4
 Lee's Rapid Deconstruct  Erth           0%         3d4*      100%        5
 Metabolic Englaciation   Hex/Ice        0%         N/A       100%        5
 Yara's Violent Unravell  Hex/Tmut       0%         3d3       100%        5
 Simulacrum               Ice/Necr       0%         N/A       100%        6
 Enfeeble                 Hex            0%         N/A       100%        7


Dungeon Overview and Level Annotations

Branches:
Dungeon (8/15)             Temple (0/1) D:7            Lair (2/5) D:8
 Shoals (1/4) Lair:2       Spider (0/4) Lair:2

Altars:
Hepliaklqana
Nemelex Xobeh
Okawaru
Qazlal
Trog
Uskayaw
Vehumet
Xom
Yredelemnul

Shops:
D:4 *

Annotations:
D:6 3 runed translucent doors, GiantSquids's ghost, novice BaHu


Innate Abilities, Weirdness & Mutations

You have very sharp fingernails.
You are partially covered in icy blue scales. (AC +2)
Your demonic aura sometimes causes spilled blood to erupt in flames.
You sometimes gain a little power by taking damage.
You have sharp toenails.
You are partially covered in large bone plates. (SH +4)
You passively map a small area around you.


Message History

The harpy screeches!
The merfolk impaler shouts!
You hear a screech!
A harpy comes into view.
There are monsters nearby!
There are monsters nearby!
You see here a manticore corpse.
You hit the harpy.
The harpy shudders.
The harpy is lightly wounded. x2
The harpy claws you. The harpy claws you but does no damage.
You hit the harpy.
The harpy shudders.
The harpy is moderately wounded. x2
The harpy is engulfed in blazing flames.
The harpy claws you. The harpy claws you but does no damage.
The harpy is engulfed in blazing flames.
A harpy comes into view.
The harpy screeches!
You hear a screech!
The harpy claws you. The harpy claws you but does no damage.
A harpy comes into view. x2
The harpy claws you. The harpy claws you but does no damage.
The harpy moves out of view.
The harpy claws you. The harpy barely misses you.
The harpy claws you but does no damage. The harpy claws you.
The merfolk impaler hits you from afar with a +2 demon trident of electrocution!
The harpy claws you.
* * * LOW HITPOINT WARNING * * *
The harpy claws you.
* * * LOW HITPOINT WARNING * * *
The merfolk impaler hits you from afar with a +2 demon trident of electrocution.
* * * LOW HITPOINT WARNING * * *
The harpy claws you.
* * * LOW HITPOINT WARNING * * *
You block the harpy's attack.
You hit the harpy.
The harpy and the merfolk impaler shudder.
The harpy is lightly wounded.
The merfolk impaler is lightly wounded.
The harpy is lightly wounded.
The harpy claws you but does no damage. x2; The harpy closely misses you.
The harpy claws you but does no damage.
The merfolk impaler hits you but does no damage.
You are electrocuted!!
You die...

, ≈≈...# #....####.~~~≈≈
≈≈~... #.)..###..~~~~~ ~
≈≈~~.. #...)....~~~~~~ ~
≈≈~...# #...)...~~~~.~~
≈≈≈....## #.~.....~~~.... ~
≈≈≈~....###..~~~......###
~≈≈≈~~.°†..........>..# # ,
~
~,~~~~~~...H......##....###
~ ~~~~.~..@..~~~..###P.....
~ ~~.~~...~.mH~..##*#...~..
, ~~~~≈~~~~HH...... .~~P~~~
, ~~≈≈≈≈~.~~..........~~~~≈
~~~~≈≈≈~~~≈~.........~~~P≈
~~~~P≈≈≈≈≈~~~......~.P~~~
..~~~~~~~≈~P~..HP ~~P..P~ ,
...P~~P~~~~~... ...~.~~ * ,
, ~P~


You could see a merfolk impaler and 5 harpies.

Vanquished Creatures
  A merfolk javelineer (Shoals:1)
  A catoblepas (Lair:2)
  2 boulder beetles
  Urug (Lair:1)
  A sea snake (Shoals:1)
  5 elephants (Lair:1)
  A manticore (Shoals:1)
  A water nymph (Shoals:1)
  3 cane toads
  4 komodo dragons
  Grinder (D:3)
  3 blink frogs (Lair:2)
  2 merfolk (Shoals:1)
  2 snapping turtles (Shoals:1)
  7 dream sheep (Lair:2)
  Sigmund (D:3)
  A wyvern (Lair:1)
  8 yaks
  2 redbacks (Lair:2)
  A steam dragon (D:6)
  12 water moccasins
  3 sky beasts
  2 black bears (D:8)
  4 ice beasts
  3 ogres
  5 wolves
  4 centaurs
  A kobold brigand (D:8)
  Blork the orc (D:6)
  2 necrophages (D:4)
  3 scorpions
  11 bullfrogs
  A water moccasin zombie (D:5)
  A hornet simulacrum (D:8)
  8 wights (D:7)
  5 killer bees (D:8)
  3 electric eels (D:8)
  A howler monkey (D:5)
  A bullfrog zombie (D:5)
  3 hounds
  5 orc priests
  Crazy Yiuf (D:3)
  A jelly (D:5)
  An iguana (D:6)
  A scorpion zombie (D:5)
  8 orc wizards
  3 hound zombies (D:5)
  8 gnolls
  6 adders
  A white imp (D:7)
  A howler monkey simulacrum (D:8)
  An ufetubus (D:6)
  A dart slug (D:5)
  19 orcs
  7 endoplasms
  2 giant cockroaches
  5 goblins
  4 hobgoblins
  7 jackals
  12 kobolds
  5 quokkas
  6 ball pythons
  5 bats
  A frilled lizard (D:3)
  4 rats
237 creatures vanquished.

Vanquished Creatures (others)
  42 fungi
  86 plants
128 creatures vanquished.

Grand Total: 365 creatures vanquished

Notes
Turn   | Place    | Note
-------+----------+-------------------------------------------
     0 | D:1      | MachoJfn the Demonspawn Gladiator began the quest for the
                  | Orb.
     0 | D:1      | Reached XP level 1. HP: 16/16 MP: 1/1
   325 | D:1      | Gained mutation: You have sharp fingernails. [demonic
                  | ancestry]
   325 | D:1      | Reached XP level 2. HP: 22/22 MP: 2/2
   711 | D:2      | Found the +6 shillelagh "Devastator" {shatter}
  1401 | D:2      | Reached XP level 3. HP: 26/27 MP: 3/3
  1474 | D:3      | Noticed Grinder
  1487 | D:3      | Killed Grinder
  1488 | D:3      | Gained mutation: You sometimes gain a little power by
                  | taking damage. [demonic ancestry]
  1488 | D:3      | Reached XP level 4. HP: 27/34 MP: 4/4
  1488 | D:3      | Gained mutation: You are partially covered in icy blue
                  | scales. (AC +2) [demonic ancestry]
  1488 | D:3      | Reached XP level 5. HP: 31/39 MP: 5/5
  1605 | D:3      | Noticed Sigmund
  1612 | D:3      | Killed Sigmund
  1613 | D:3      | Reached skill level 1 in Maces & Flails
  1613 | D:3      | Reached XP level 6. HP: 34/46 MP: 6/6
  1709 | D:3      | Found a stormy altar of Qazlal.
  1773 | D:3      | Found a radiant altar of Vehumet.
  2113 | D:3      | Found a sparkling altar of Nemelex Xobeh.
  2157 | D:3      | Found a bloodstained altar of Trog.
  2251 | D:3      | Found a runed translucent door.
  2252 | D:3      | Noticed Crazy Yiuf
  2256 | D:3      | Killed Crazy Yiuf
  2540 | D:3      | Gained mutation: You are partially covered in large bone
                  | plates. (SH +4) [potion of mutation]
  2540 | D:3      | Gained mutation: You have sharp toenails. [potion of
                  | mutation]
  2540 | D:3      | Gained mutation: You passively map a small area around you.
                  | [potion of mutation]
  2844 | D:3      | Became a worshipper of Trog the Wrathful
  2870 | D:4      | Reached skill level 1 in Stealth
  2870 | D:4      | Reached XP level 7. HP: 41/52 MP: 7/7
  3160 | D:4      | Found Ratabru's Neck Hole.
  3167 | D:4      | Bought a scarf of repulsion for 168 gold pieces
  3197 | D:4      | Reached skill level 2 in Maces & Flails
  3318 | D:4      | Found an iron altar of Okawaru.
  3325 | D:4      | Identified the +9 dagger of Divine Fortitude {antimagic,
                  | rN+ Str+2}
  3548 | D:4      | Reached skill level 3 in Maces & Flails
  3550 | D:4      | Reached * piety under Trog
  3961 | D:5      | Entered Level 5 of the Dungeon
  3967 | D:5      | Reached skill level 1 in Shields
  3967 | D:5      | Reached XP level 8. HP: 50/59 MP: 8/8
  4012 | D:5      | Reached skill level 4 in Maces & Flails
  4279 | D:5      | Found a basalt altar of Yredelemnul.
  4584 | D:6      | Reached skill level 5 in Dodging
  4720 | D:6      | Reached skill level 5 in Armour
  4790 | D:6      | Reached skill level 5 in Maces & Flails
  4790 | D:6      | Reached ** piety under Trog
  4791 | D:6      | Noticed Blork the orc
  4794 | D:6      | Killed Blork the orc
  4998 | D:6      | Reached XP level 9. HP: 66/66 MP: 9/9
  5000 | D:6      | Found a shimmering altar of Xom.
  5003 | D:6      | Found a basalt altar of Yredelemnul.
  5003 | D:6      | Found a shimmering altar of Xom.
  5005 | D:6      | Found a shimmering altar of Xom.
  5005 | D:6      | Found a stormy altar of Qazlal.
  5100 | D:6      | Found a runed translucent gate.
  5100 | D:6      | Found a runed translucent gate.
  5101 | D:6      | Found a runed translucent gate.
  5102 | D:6      | Noticed GiantSquids's ghost (novice BaHu)
  5612 | D:6      | Found a hide-covered altar of Uskayaw.
  5953 | D:7      | Reached skill level 6 in Maces & Flails
  5958 | D:7      | Reached skill level 5 in Fighting
  5981 | D:7      | Found a staircase to the Ecumenical Temple.
  6332 | D:7      | Reached skill level 7 in Maces & Flails
  6661 | D:8      | Noticed a komodo dragon
  6664 | D:8      | Found a staircase to the Lair.
  6678 | D:8      | Reached XP level 10. HP: 44/74 MP: 10/10
  6691 | D:8      | Reached *** piety under Trog
  7234 | D:8      | Found a hazy altar of Hepliaklqana.
  7314 | D:8      | Identified the +4 trident of the Smoking Gods {venom,
                  | Dex+3}
  7397 | D:8      | Reached skill level 8 in Maces & Flails
  8399 | Lair:1   | Entered Level 1 of the Lair of Beasts
  8420 | Lair:1   | Noticed an elephant
  8422 | Lair:1   | Noticed an elephant
  8422 | Lair:1   | Noticed an elephant
  8422 | Lair:1   | Noticed an elephant
  8423 | Lair:1   | Noticed an elephant
  8425 | Lair:1   | Noticed a cane toad
  8429 | Lair:1   | Killed an elephant
  8429 | Lair:1   | Killed an elephant
  8432 | Lair:1   | Killed an elephant
  8432 | Lair:1   | Killed an elephant
  8433 | Lair:1   | Reached skill level 9 in Maces & Flails
  8433 | Lair:1   | Killed an elephant
  8434 | Lair:1   | Gained mutation: You have very sharp fingernails. [demonic
                  | ancestry]
  8434 | Lair:1   | Reached XP level 11. HP: 83/83 MP: 11/11
  8910 | Lair:1   | Noticed Urug
  8919 | Lair:1   | Killed Urug
  8938 | Lair:1   | Noticed a boulder beetle
  8961 | Lair:1   | Killed a boulder beetle
  9292 | Lair:1   | Reached skill level 10 in Maces & Flails
  9587 | Lair:2   | Identified the +5 scale mail "Dythrye" {Int+3}
  9703 | Lair:2   | Noticed a catoblepas
  9726 | Lair:2   | Killed a catoblepas
 10089 | Lair:2   | Noticed a boulder beetle
 10114 | Lair:2   | Killed a boulder beetle
 10114 | Lair:2   | Reached **** piety under Trog
 10115 | Lair:2   | Found a hole to the Spider Nest.
 10144 | Lair:2   | HP: 4/84 [dream sheep (4)]
 10178 | Lair:2   | Reached skill level 1 in Evocations
 10539 | Lair:2   | Gained mutation: Your demonic aura sometimes causes spilled
                  | blood to erupt in flames. [demonic ancestry]
 10539 | Lair:2   | Reached XP level 12. HP: 91/91 MP: 12/12
 10831 | Lair:2   | Found a staircase to the Shoals.
 11100 | Shoals:1 | Entered Level 1 of the Shoals
 11604 | Shoals:1 | Reached skill level 11 in Maces & Flails
 11612 | Shoals:1 | Noticed a merfolk javelineer
 11617 | Shoals:1 | Killed a merfolk javelineer
 12100 | Shoals:1 | Noticed a merfolk impaler
 12108 | Shoals:1 | Slain by a merfolk impaler

Illustrated notes

Levels and vault maps discovered:
D:1:      lightli_arrival_farm, layout_basic
D:2:      layout_loops_corners, chequers_serial_rivers_room_b,
          hangedman_decor_clover_reticule
D:3:      layout_loops_corners, nicolae_qazlal_general_emergency,
          old_standard_altar, nemelex_dance_club_becter,
          mainiacjoe_overflow_boulevard, chequers_avenue, uniq_sigmund,
          uniq_crazy_yiuf_cottage, uniq_grinder
D:4:      layout_loops_cross, mainiacjoe_overflow_concentric_impassable,
          nicolae_shop_sticking_my_neck_out
D:5:      layout_rooms, nicolae_yredelemnul_corpse_copse
D:6:      layout_loops_ring, eat_drink_and_be_merry_uskayaw,
          doesnt_xom_only_xom, ebering_ghost_rock_garden, uniq_blork_the_orc
D:7:      layout_cave_pools, minmay_temple_entry_purple_smoke
D:8:      layout_layer_cave, mainiacjoe_overflow_brackets,
          due_lair_maze_entry_diamond, serial_ice, serial_ice_f, serial_ice_h,
          serial_ice_e, serial_ice_l, hellmonk_bongcloud_opening
Lair:1:   layout_loops_ring, lemuel_old_faithful, grunt_megastairs_1,
          infiniplex_staircase_pool_2, uniq_urug
Lair:2:   layout_gridlike, shoals_dummy_entry, spider_nest_entry_webs
Shoals:1: layout_shoals, nicolae_shop_gadgets, uniq_nikola

Skill      XL: |  1  2  3  4  5  6  7  8  9 10 11 12 |
---------------+-------------------------------------+-----
Axes           | 3 4 |  4.3
Throwing       | 2 |  2.9
Dodging        | 3 4 5 6 |  6.4
Armour         | 2 3 5 6 7 8 9 |  9.2
Maces & Flails | 1 3 5 7 9 10 11 | 11.1
Fighting       | 3 4 5 6 7 |  7.4
Stealth        | 1 2 4 |  4.8
Shields        | 1 2 4 |  4.8
Evocations     | 1 |  1.3

Action                     |  1- 3 |  4- 6 |  7- 9 | 10-12 || total
---------------------------+-------+-------+-------+-------++-------
  Melee: War axe           |    18 |       |       |       ||    18
         Shillelagh        |    26 |    36 |   180 |   263 ||   505
         Punch             |     1 |       |     1 |     3 ||     5
         Kick              |       |     1 |    29 |       ||    30
  Throw: Throwing net      |     1 |     1 |       |     6 ||     8
 Invoke: Berserk           |       |       |     3 |     3 ||     6
         Trog's Hand       |       |       |       |     3 ||     3
  Evoke: Wand              |       |       |       |     5 ||     5
    Use: Potion            |     1 |     1 |       |     5 ||     7
         Scroll            |       |     9 |     4 |     1 ||    14
   Stab: Held in net/web   |     1 |       |       |     4 ||     5
         Paralysed         |       |       |       |    10 ||    10
 Armour: Leather armour    |     6 |       |       |       ||     6
         Ring mail         |    18 |     9 |    27 |       ||    54
         Scale mail        |       |       |    60 |    42 ||   102
         Chain mail        |       |       |       |    80 ||    80
  Dodge: Dodged            |    23 |    20 |   121 |   125 ||   289
         Repelled          |       |       |     2 |     1 ||     3
  Block: Other             |       |     1 |    35 |    37 ||    73

Table legend: (Time is in decaauts)
 A = Elapsed time spent in this place.
 B = Non-inter-level travel time spent in this place.
 C = Inter-level travel time spent in this place.
 D = Time resting spent in this place.
 E = Time spent auto-exploring this place.
 F = Levels seen in this place.
 G = Mean time per level.
                   A        B        C        D        E       F      G
               +--------+--------+--------+--------+--------+-----+--------+
         Total |  12158 |   9581 |   2577 |   3248 |   4819 |  11 | 1105.3 |
       Dungeon |   8457 |   6202 |   2255 |   1431 |   3676 |   8 | 1057.1 |
          Lair |   2701 |   2402 |    299 |    976 |   1117 |   2 | 1350.5 |
        Shoals |    999 |    978 |     21 |    840 |     25 |   1 |  999.0 |
               +--------+--------+--------+--------+--------+-----+--------+

Top non-repeatable levels by time:
     D:8: 1804 daAuts
  Lair:2: 1620 daAuts
     D:3: 1392 daAuts
     D:6: 1327 daAuts
     D:4: 1105 daAuts
  Lair:1: 1080 daAuts
Shoals:1: 999 daAuts
     D:2: 787 daAuts
     D:1: 719 daAuts
     D:7: 715 daAuts
     D:5: 605 daAuts
